 Dungeon Crawl Stone Soup version 0.28.0-45-g0d030f2227 (webtiles) character file.

Game seed: 17443114350679353046

599 sanboga the Covered (level 7, 0/44 HPs)
             Began as a Gargoyle Fighter on Apr 18, 2022.
             Was an Initiate of Trog.
             Killed by divine providence
             ... invoked by an orc priest
              (15 damage)
             ... on level 4 of the Dungeon.
             The game lasted 00:04:18 (3519 turns).

sanboga the Covered (Gargoyle Fighter)              Turns: 3519, Time: 00:04:18

Health: 0/44       AC: 19    Str: 22    XL:     7   Next: 41%
Magic:  7/7        EV:  7    Int: 17    God:    Trog [......]
Gold:   177        SH:  5    Dex: 14    Spells: 6/6 levels left

rFire   . . .      SeeInvis .   j - +6 falchion "Mano" {vorpal, Int+3 Dex+5}
rCold   . . .      Faith    .   c - +0 buckler
rNeg    + . .      Spirit   .   i - +0 chain mail
rPois   ∞          Reflect  .   (no helmet)
rElec   +          Harm     .   (no cloak)
rCorr   .          Rampage  .   p - +2 pair of gloves
Will    .....                   n - +0 pair of boots
Stlth   ..........              (no amulet)
HPRegen 0.14/turn               g - +6 ring of intelligence
MPRegen 0.10/turn               b - ring of wizardry

@: no status effects
A: sickness immunity, AC +4, negative energy resistance 1, electricity
resistance, torment resistance 1, petrification resistance
a: Renounce Religion


You were on level 4 of the Dungeon.
You worshipped Trog.
Trog was noncommittal.
You visited 1 branch of the dungeon, and saw 4 of its levels.

You collected 177 gold pieces.

Inventory:

Hand Weapons
 a - a +0 war axe
 j - the +6 falchion "Mano" (weapon) {vorpal, Int+3 Dex+5}
   (You found it on level 2 of the Dungeon)

   It inflicts extra damage upon your enemies.
   Int:       It affects your intelligence (+3).
   Dex:       It affects your dexterity (+5).
Armour
 c - a +0 buckler (worn)
 i - a +0 chain mail (worn)
 n - a +0 pair of boots (worn)
 p - a +2 pair of gloves (worn)
Jewellery
 b - a ring of wizardry (right hand)
 g - a +6 ring of intelligence (left hand)
 r - a +4 ring of evasion
Wands
 q - a wand of iceblast (6)
Scrolls
 e - 2 scrolls of noise {unknown}
 k - 2 scrolls of identify {unknown}
 l - a scroll of magic mapping {unknown}
 m - a scroll of vulnerability {unknown}
Potions
 d - a potion of might
 f - a potion of mutation {unknown}
 o - a potion of haste
 s - a potion of degeneration {unknown}


   Skills:
 + Level 4.9 Fighting
 * Level 4.8 Axes
 + Level 5.0 Armour
 + Level 4.9 Shields


You had 6 spell levels left.
You didn't know any spells.
Your spell library was empty.

Dungeon Overview and Level Annotations

Branches:
Dungeon (4/15)
 Temple: D:4-7

Altars:
Trog


Innate Abilities, Weirdness & Mutations

You are immune to sickness and miasma.
Your stone body is resilient. (AC +4)
You are immune to poison.
You resist negative energy. (rN+)
You are resistant to electric shocks. (rElec)
You are resistant to unholy torment.
You are immune to petrification.


Message History

The orc warrior hits you with a +0 war axe.
You hit the orc warrior.
The orc warrior is severely wounded.
The orc barely misses you. You block the orc's attack.
The orc warrior hits you with a +0 war axe!
You hit the orc warrior.
The orc warrior is almost dead.
The orc barely misses you. x2
The orc warrior hits you but does no damage.
You completely miss the orc warrior.
The orc warrior is almost dead.
The orc hits you with a +0 mace. The orc hits you but does no damage.
The orc warrior hits you with a +0 war axe!
* * * LOW HITPOINT WARNING * * *
The orc hits you but does no damage. You block the orc's attack.
The orc warrior hits you with a +0 war axe.
* * * LOW HITPOINT WARNING * * *
You hit the orc warrior.
You kill the orc warrior!
Trog accepts your kill. The orc closely misses you.
The orc hits you but does no damage.
Your Armour skill increases to level 5!
It was a potion of heal wounds.
You feel much better.
The orc priest hits you but does no damage.
The orc hits you but does no damage. You block the orc's attack.
You hit the orc priest.
The orc priest is heavily wounded.
The orc priest looks encouraged for a moment.
The orc barely misses you. x2; You block the orc priest's attack.
The orc hits you with a +0 mace. You block the orc's attack.
You hit the orc priest.
The orc priest is heavily wounded.
The orc priest calls down the wrath of Beogh upon you.
Beogh smites you! The orc hits you but does no damage.
The orc barely misses you.
You hit the orc priest.
The orc priest is severely wounded.
The orc priest mumbles some strange prayers to Beogh against you.
Beogh smites you!
You die...

... #...# ....
#...# #... ###+
#...######...###...
#..................
#..................
#.....#########.##'
#ooo..##...####.#..
##@#####........#..
#...............+..
#...............#..
#...............#..
#...............#..
#+###############..
#.. #.. #..


You could see an orc priest and 2 orcs.

Vanquished Creatures
  An orc warrior (D:4)
  A necrophage (D:4)
  A phantom (D:4)
  A hound (D:4)
  A bullfrog skeleton (D:4)
  An iguana (D:4)
  2 orc wizards
  4 gnolls
  6 adders
  A worm (D:2)
  2 dart slugs
  6 orcs
  13 endoplasms
  6 giant cockroaches
  8 hobgoblins
  8 jackals (D:1)
  9 kobolds
  3 quokkas
  10 ball pythons
  4 bats
  4 frilled lizards
  7 goblins
  6 rats
105 creatures vanquished.

Vanquished Creatures (others)
  7 plants (D:4)
7 creatures vanquished.

Grand Total: 112 creatures vanquished

Notes
Turn   | Place    | Note
-------+----------+-------------------------------------------
     0 | D:1      | sanboga the Gargoyle Fighter began the quest for the Orb.
     0 | D:1      | Reached XP level 1. HP: 14/14 MP: 1/1
   413 | D:1      | Reached XP level 2. HP: 14/19 MP: 2/2
   908 | D:1      | Reached XP level 3. HP: 21/23 MP: 3/3
  1259 | D:1      | Found a faded altar of an unknown god.
  1582 | D:2      | You fall into a shaft and drop 1 floor!
  1591 | D:2      | HP: 1/24 [gnoll/+0 flail (11)]
  1600 | D:2      | Reached XP level 4. HP: 16/29 MP: 4/4
  1960 | D:2      | Identified the +6 falchion "Mano" {vorpal, Int+3 Dex+5}
  2057 | D:2      | Reached skill level 4 in Armour
  2069 | D:2      | Reached XP level 5. HP: 33/33 MP: 5/5
  2833 | D:3      | Found a bloodstained altar of Trog.
  2991 | D:3      | Became a worshipper of Trog the Wrathful
  3019 | D:4      | Noticed a necrophage
  3030 | D:4      | Killed a necrophage
  3031 | D:4      | Reached XP level 6. HP: 36/39 MP: 6/6
  3402 | D:4      | Reached XP level 7. HP: 44/44 MP: 7/7
  3516 | D:4      | Reached skill level 5 in Armour
  3519 | D:4      | Killed from afar by an orc priest

Illustrated notes

Levels and vault maps discovered:
D:1:      tarquinn_simple_flora_water_f, layout_loops_corners,
          dreamdust_ecumenical_altar_statues, minmay_tiny_reverse_x
D:2:      layout_basic
D:3:      layout_basic, lemuel_tele_altar, minmay_misc_feat_square
D:4:      layout_gridville, nicolae_qazlal_general_emergency, chequers_big_river

Skill      XL: |  1  2  3  4  5  6  7 |
---------------+----------------------+-----
Axes           | 2 3 4 |  4.8
Armour         | 4 5 |  5.0
Fighting       | 4 |  4.9
Shields        | 4 |  4.9

Action                   |  1- 3 |  4- 6 |  7- 9 || total
-------------------------+-------+-------+-------++-------
Melee: War axe           |   118 |    29 |       ||   147
       Falchion          |       |   119 |    18 ||   137
  Use: Potion            |     2 |       |     1 ||     3
Armor: Scale mail        |    70 |       |       ||    70
       Chain mail        |    21 |    93 |    24 ||   138
Dodge: Dodged            |    67 |    51 |    14 ||   132
Block: Buckler           |    38 |    38 |    11 ||    87
